 Dungeon Crawl Stone Soup version 0.28.0-53-g5a82cb258f (webtiles) character file.

Game seed: 16157294047279643302

6141 styxcanada the Covert (level 10, -3/51 HPs)
             Began as a Spriggan Brigand on Aug 16, 2022.
             Was an Initiate of Gozag.
             Slain by a yak (13 damage)
             ... on level 8 of the Dungeon.
             The game lasted 00:55:15 (11735 turns).

styxcanada the Covert (Spriggan Brigand)           Turns: 11735, Time: 00:55:15

Health: -3/51      AC:  4    Str:  7    XL:     10   Next: 59%
Magic:  11/11      EV: 24    Int: 12    God:    Gozag
Gold:   850        SH:  7    Dex: 22    Spells: 9/9 levels left

rFire   . . .      SeeInvis +   n - +0 short sword (venom)
rCold   . . .      Faith    .   z - +0 buckler
rNeg    . . .      Spirit   .   b - +0 robe
rPois   .          Reflect  .   (helmet restricted)
rElec   .          Harm     .   c - +1 cloak
rCorr   .          Rampage  .   (gloves unavailable)
Will    +....                   (boots unavailable)
Stlth   ++++++....              (no amulet)
HPRegen 0.17/turn               (no ring)
MPRegen 0.12/turn               (no ring)

@: gold aura, very quick
A: very small, no large weapons, unfitting armour, see invisible, speed 3
a: Renounce Religion, Potion Petition, Call Merchant, Bribe Branch


You were on level 8 of the Dungeon.
You worshipped Gozag.
Gozag was pleased with you.
You visited 2 branches of the dungeon, and saw 9 of its levels.

You collected 1863 gold pieces.
You spent 250 gold pieces at shops.
You paid 763 gold pieces to Gozag.

Inventory:

Hand Weapons
 a - a +2 dagger
 n - a +0 short sword of venom (weapon)
 o - a +1 vorpal hunting sling
Missiles
 d - 54 sling bullets
 e - 199 stones
 g - 9 poisoned darts (quivered)
 p - a throwing net
 s - 6 boomerangs
 w - 5 curare-tipped darts
Armour
 b - a +0 robe (worn)
 c - a +1 cloak (worn)
 z - a +0 buckler (worn)
Wands
 f - a wand of flame (39)
 h - a wand of charming (2)
 y - a wand of paralysis (6)
Scrolls
 j - 3 scrolls of teleportation
 k - 3 scrolls of fear
 m - a scroll of silence
 t - 3 scrolls of magic mapping
 v - 4 scrolls of identify
 A - a scroll of immolation
Potions
 i - a potion of ambrosia
 l - 2 potions of haste
 q - 2 potions of berserk rage
 r - a potion of curing
 u - 3 potions of heal wounds
 x - a potion of mutation


   Skills:
 + Level 5.1 Fighting
 + Level 5.4 Short Blades
 + Level 7.1(8.0) Slings
 + Level 4.7(6.1) Throwing
 * Level 8.9 Dodging
 * Level 14.0 Stealth
 * Level 1.9 Shields
 * Level 6.2 Evocations


You had 9 spell levels left.
You didn't know any spells.
Your spell library contained the following spells:

 Spells                   Type           Power      Damage    Failure   Level
 Pain                     Necr           0%         1d4       56%         1
 Animate Dead             Necr           0%         N/A       100%        4
 Agony                    Necr           0%         N/A       100%        5
 Borgnjor's Vile Clutch   Necr/Erth      0%         N/A       100%        5
 Excruciating Wounds      Necr           0%         N/A       100%        5
 Death Channel            Necr           0%         N/A       100%        6


Dungeon Overview and Level Annotations

Branches:
Dungeon (8/15)             Temple (1/1) D:5            Lair (0/6) D:8

Altars:
Ashenzari
Cheibriados
Dithmenos
Elyvilon
Fedhas
Gozag
Hepliaklqana
Makhleb
Nemelex Xobeh
Okawaru
Qazlal
Ru
Sif Muna
Trog
Uskayaw
Vehumet
Wu Jian
Xom
Yredelemnul
Zin
The Shining One

Shops:
D:1 *   D:2 ?   D:7 (

Annotations:
D:3 Gurantaxtaxq's ghost, amateur MiFi


Innate Abilities, Weirdness & Mutations

You are very small and have problems with some larger weapons.
You are too small for most types of armour.
You have supernaturally acute eyesight. (SInv)
You cover ground extremely quickly. (Speed+++)


Message History

The sling bullet hits the yak.
The yak is no longer distracted by gold.
The yak is moderately wounded.
Fire: 56 sling bullets
Press: ? - help, Q - select action, (/) - cycle Shift-Dir - straight line, f/p - yak
Aim: a yak (moderately wounded, 77% to hit)
You shoot a sling bullet.
The sling bullet hits the yak but does no damage.
The yak is moderately wounded.
Fire: 55 sling bullets
Press: ? - help, Q - select action, (/) - cycle Shift-Dir - straight line, f/p - yak
Aim: a yak (moderately wounded, 77% to hit)
You shoot a sling bullet. The sling bullet hits the yak.
The yak is heavily wounded.
Unknown command.
The yak is distracted by your dazzling golden aura.
Aiming: Paralyse
Press: ? - help, Shift-Dir - straight line, f/p - yak
Aim: a yak (heavily wounded, unaware, hasn't noticed you, chance to affect: 64%)
The yak is no longer distracted by gold.
The yak struggles to resist.
Aiming: Paralyse
Press: ? - help, Shift-Dir - straight line, f/p - yak
Aim: a yak (heavily wounded, chance to affect: 64%)
The yak suddenly stops moving!
Your +0 short sword of venom begins to drip with poison!
n - a +0 short sword of venom (weapon)
You hit the yak but do no damage. You block the yak's attack.
You block the yak's attack.
The helpless yak fails to defend itself.
You skewer the yak like a kebab!!!
You kill the yak!
The yak misses you.
You hit the yak.
The yak is poisoned.
The yak is lightly wounded.
You hit the yak.
The yak looks as sick as possible!
The yak is lightly wounded.
The yak gores you!
You die...
Your body crumbles into a pile of gold.

#.##...........^.#####..#
###.##..#######.........(.#
#..................#####(.#
#.#.....####............(.#
#.####.............#####$##
#.# #.#####.##....## #Y#
#.# #.# #.##.....# #(# #.#
#.# #.##..#<.# #.# ##.##
#.#####.##@.#..####.# ..#.#
#..>......Y$.((.(..(# ##.##
#######.##.###.###### ###
#.##.# #.# #.##.# #.#
#.##.###.# #........#
####.##..# #.##..#


You could see a yak (extremely poisoned).

Vanquished Creatures
  3 death yaks (D:8)
  A two-headed ogre (D:6)
  The ghost of Nyth the Basher, a novice MiBe of Trog (D:6)
  A hornet (D:7)
  A wyvern (D:7)
  4 yaks (D:8)
  3 ice beasts
  2 orc warriors (D:7)
  2 necrophages (D:7)
  An ogre (D:5)
  A sky beast (D:5)
  A black bear (D:5)
  A kobold brigand (D:6)
  2 bullfrogs
  A gnoll sergeant (D:8)
  A scorpion (D:3)
  A water moccasin skeleton (D:6)
  4 wights (D:6)
  An electric eel (D:6)
  3 orc priests (D:7)
  5 hounds
  A bullfrog skeleton (D:5)
  A centaur zombie (D:3)
  A centaur skeleton (D:7)
  2 iguanas
  3 orc wizards (D:7)
  2 hell rats (D:8)
  Robin (D:3)
  4 gnolls (D:8)
  5 adders
  3 river rats (D:8)
  2 white imps
  2 ufetubi (D:5)
  2 adder skeletons
  3 worms (D:3)
  A dart slug (D:2)
  19 orcs
  7 endoplasms
  A giant cockroach (D:1)
  10 goblins
  9 hobgoblins
  A kobold (D:2)
  5 quokkas
  4 ball pythons
  3 bats
  5 frilled lizards
  6 rats
143 creatures vanquished.

Vanquished Creatures (collateral kills)
  A kobold brigand (D:6)
  An orc (D:6)
2 creatures vanquished.

Vanquished Creatures (others)
  3 kobold brigands (D:6)
  An orc (D:6)
  4 plants (D:6)
  7 withered plants (D:8)
15 creatures vanquished.

Grand Total: 160 creatures vanquished

Notes
Turn   | Place    | Note
-------+----------+-------------------------------------------
     0 | D:1      | styxcanada the Spriggan Brigand began the quest for the
                  | Orb.
     0 | D:1      | Reached XP level 1. HP: 10/10 MP: 2/2
    45 | D:1      | Found Pechiq's Assorted Antiques.
    93 | D:1      | Reached skill level 6 in Stealth
   488 | D:1      | Reached XP level 2. HP: 10/15 MP: 3/3
  1195 | D:2      | Reached XP level 3. HP: 18/18 MP: 4/4
  1247 | D:2      | Reached skill level 7 in Stealth
  1578 | D:2      | Found Bimiekuwan's Magic Scroll Emporium.
  1592 | D:2      | Bought a scroll of identify for 28 gold pieces
  2462 | D:3      | Noticed Robin
  2463 | D:3      | Reached XP level 4. HP: 20/23 MP: 5/5
  2500 | D:3      | Killed Robin
  2820 | D:3      | Noticed a scorpion
  2827 | D:3      | Noticed Gurantaxtaxq's ghost (amateur MiFi)
  3177 | D:3      | Found a runed translucent gate.
  3177 | D:3      | Found a runed translucent gate.
  3177 | D:3      | Found a runed translucent gate.
  3457 | D:3      | Reached XP level 5. HP: 26/26 MP: 6/6
  3677 | D:3      | Found a faded altar of an unknown god.
  3817 | D:3      | Reached skill level 8 in Stealth
  4532 | D:4      | Reached skill level 1 in Slings
  4612 | D:4      | Reached XP level 6. HP: 31/31 MP: 7/7
  5074 | D:5      | Entered Level 5 of the Dungeon
  5083 | D:5      | Identified a scroll of acquirement
  5610 | D:5      | Reached skill level 9 in Stealth
  5618 | D:5      | Noticed a sky beast
  5886 | D:5      | Killed a sky beast
  5887 | D:5      | Reached XP level 7. HP: 20/35 MP: 8/8
  6815 | D:5      | Found a staircase to the Ecumenical Temple.
  6846 | Temple   | Entered the Ecumenical Temple
  7015 | Temple   | Became a worshipper of Gozag Ym Sagoz the Greedy
  7356 | D:1      | Bought a scroll labelled NAS EMOGHOTUUF for 26 gold pieces
  7356 | D:1      | Bought a grey potion for 23 gold pieces
  7356 | D:1      | Bought a scroll labelled USIPTE KAXES for 26 gold pieces
  7409 | D:2      | Bought a scroll of noise for 14 gold pieces
  7409 | D:2      | Bought a scroll of identify for 28 gold pieces
  7420 | D:2      | Acquired 992 gold pieces
  7430 | D:2      | Bought a scroll of identify for 28 gold pieces
  7430 | D:2      | Bought a scroll of identify for 28 gold pieces
  7430 | D:2      | Bought a scroll of fear for 49 gold pieces
  7551 | D:6      | Reached skill level 5 in Dodging
  7849 | D:6      | Found a runed translucent gate.
  7850 | D:6      | Found a runed translucent gate.
  7850 | D:6      | Noticed a kobold demonologist
  7851 | D:6      | Found a runed translucent gate.
  7852 | D:6      | Noticed Nyth's ghost (novice MiBe)
  7873 | D:6      | Noticed a two-headed ogre
  7917 | D:6      | Killed a two-headed ogre
  7918 | D:6      | Reached skill level 10 in Stealth
  7918 | D:6      | Reached XP level 8. HP: 42/42 MP: 9/9
  8265 | D:6      | Reached skill level 11 in Stealth
  8633 | D:6      | Killed Nyth's ghost
  8634 | D:6      | Reached skill level 12 in Stealth
  8634 | D:6      | Reached XP level 9. HP: 46/46 MP: 10/10
  9658 | D:7      | Reached skill level 5 in Slings
  9774 | D:7      | Paralysed by a hornet for 3 turns
  9784 | D:7      | Reached skill level 5 in Short Blades
  9784 | D:7      | Reached skill level 13 in Stealth
 10354 | D:8      | Noticed a death yak
 10357 | D:8      | Noticed a death yak
 10374 | D:8      | Noticed a death yak
 10388 | D:8      | Found a staircase to the Lair.
 10498 | D:8      | Killed a death yak
 10499 | D:8      | Reached skill level 5 in Evocations
 10499 | D:8      | Reached XP level 10. HP: 24/51 MP: 11/11
 11141 | D:8      | Reached skill level 1 in Shields
 11265 | D:8      | Killed a death yak
 11266 | D:8      | Reached skill level 5 in Fighting
 11454 | D:8      | Killed a death yak
 11709 | D:8      | Reached skill level 14 in Stealth
 11735 | D:8      | Slain by a yak

Illustrated notes

Levels and vault maps discovered:
D:1:      nicolae_arrival_washed_ashore, layout_basic, serial_shops,
          nicolae_shop_waterfront
D:2:      layout_basic, serial_shops, nicolae_diamond_shop,
          minmay_misc_feat_rows
D:3:      layout_basic, gammafunk_ghost_split, nicolae_ecumenical_lake_church,
          minmay_crystal_room, uniq_robin
D:4:      layout_loops_corners
D:5:      layout_rooms, temple_fountains
D:6:      layout_loops_ring, gammafunk_ghost_nasty_kobolds, serial_bayou_pond_e,
          corexii_shack, minivault_14, lightli_orcish_oven
D:7:      layout_basic
D:8:      cheibrodos_statue_roulette, layout_loops_ring,
          kiku_gazebo_garden_becter, dpeg_lair_monsters,
          kennysheep_generic_room_11
Temple:   regret_index_temple_sigil_plot

Skill      XL: |  1  2  3  4  5  6  7  8  9 10 |
---------------+-------------------------------+-----
Stealth        | 6 7 8 9 10 12 13 14 | 14.0
Fighting       | 2 4 5 |  5.1
Dodging        | 2 3 4 6 7 8 |  8.9
Short Blades   | 3 4 5 |  5.4
Slings         | 1 2 4 5 7 |  7.1
Throwing       | 3 4 |  4.7
Evocations     | 2 3 5 6 |  6.2
Shields        | 1 |  1.9

Action                   |  1- 3 |  4- 6 |  7- 9 | 10-12 || total
-------------------------+-------+-------+-------+-------++-------
Melee: Dagger            |   112 |   119 |   174 |       ||   405
       Punch             |     2 |     1 |     2 |       ||     5
       Short sword       |       |       |    81 |    84 ||   165
 Fire: Hunting sling     |       |    50 |    86 |    64 ||   200
Throw: Dart              |    23 |    37 |    38 |    25 ||   123
       Stone             |       |     2 |     1 |     3 ||     6
Invok: Call Merchant     |       |       |     1 |       ||     1
Evoke: Wand              |       |       |    17 |     8 ||    25
  Use: Potion            |       |     1 |     3 |     1 ||     5
       Scroll            |       |     4 |    15 |       ||    19
 Stab: Sleeping          |    13 |    10 |    10 |     1 ||    34
       Paralysed         |       |       |     6 |     1 ||     7
       Distracted        |       |       |     2 |     3 ||     5
Armor: Robe              |    14 |    14 |    21 |     2 ||    51
Dodge: Dodged            |    61 |   111 |   228 |    50 ||   450
Block: Buckler           |       |       |     2 |    18 ||    20
